 Dungeon Crawl Stone Soup version 0.29.0-11-gd7f09526c8 (webtiles) character file.

Game seed: 1357666787630198245

74 Gwenloh the Vexing (level 4, -7/25 HPs)
             Began as a Deep Elf Arcane Marksman on Sept 6, 2022.
             Killed by nerve-wracking pain
             ... invoked by Grinder
              (13 damage)
             ... on level 3 of the Dungeon.
             The game lasted 00:06:32 (2178 turns).

Gwenloh the Vexing (Deep Elf Arcane Marksman)       Turns: 2178, Time: 00:06:33

Health: -7/25      AC:  2    Str:  6 (9)  XL:     4   Next: 10%
Magic:  0/9        EV: 12    Int: 17 (18) God:
Gold:   118        SH:  0    Dex: 12 (15) Spells: 4/8 levels left

rFire   . . .      SeeInvis .   b - +7 Throatcutter {drain, coup de grace}
rCold   . . .      Faith    .   (no shield)
rNeg    . . .      Spirit   +   c - +0 robe
rPois   .          Reflect  .   (no helmet)
rElec   .          Harm     .   (no cloak)
rCorr   .          Rampage  .   (no gloves)
Will    .....                   (no boots)
Stlth   +.........              l - amulet of guardian spirit
HPRegen 0.08/turn               (no ring)
MPRegen 0.11/turn               (no ring)

@: no status effects
A: no striking features
a: no special abilities


You were on level 3 of the Dungeon.
You visited 1 branch of the dungeon, and saw 3 of its levels.

You collected 118 gold pieces.

Inventory:

Hand Weapons
 a - a +1 sling
 b - the +7 Throatcutter (weapon) {drain, coup de grace}
   (You found it on level 2 of the Dungeon)

   A truly terrible weapon, it drains the life of any living foe it strikes.
   It may instantly kill foes which have little health.
 i - a +3 whip of electrocution
Armour
 c - a +0 robe (worn)
Jewellery
 k - a ring of fire
 l - an amulet of guardian spirit (around neck)
Scrolls
 d - 2 scrolls of identify {unknown}
 e - 3 scrolls of teleportation {unknown}
 f - 3 scrolls of torment {unknown}
 g - a scroll of vulnerability {unknown}
 m - a scroll of poison
 n - a scroll of enchant weapon {unknown}
Potions
 h - a potion of brilliance {unknown}
 j - 2 potions of degeneration


   Skills:
 * Level 1.5 Fighting
 * Level 3.6 Ranged Weapons
 * Level 3.1 Dodging
 + Level 2.6 Spellcasting
 + Level 4.5 Hexes
 + Level 0.3 Translocations


You had 4 spell levels left.
You knew the following spells:

 Your Spells              Type           Power      Damage    Failure   Level
a - Slow                  Hex            68%        N/A       2%          1
b - Portal Projectile     Hex/Tloc       20%        N/A       21%         3

Your spell library contained the following spells:

 Spells                   Type           Power      Damage    Failure   Level
 Inner Flame              Hex/Fire       10%        N/A       22%         3
 Cause Fear               Hex            8%         N/A       28%         4
 Ozocubu's Armour         Ice            2%         N/A       50%         3
 Ozocubu's Refrigeration  Ice            1%         4d7       100%        7


Dungeon Overview and Level Annotations

Branches:
Dungeon (3/15)

Altars:

Annotations:
D:3 Grinder


Message History

You shoot a sling bullet. The sling bullet hits the goblin.
You kill the goblin!
No target in view!
Unknown command.
No target in view!
No target in view!
You start resting.
Magic restored.
You start resting.
Grinder comes into view.
You start resting.
Grinder is nearby!
You shoot a sling bullet.
Grinder shouts!
The sling bullet hits Grinder.
Grinder is lightly wounded.
Grinder blinks!
You shoot a sling bullet. The sling bullet hits Grinder.
Grinder is lightly wounded.
You sense an unholy aura.
b - the +7 Throatcutter (weapon)
{drain, coup de grace} Grinder says, "DUCK!"
Grinder hits you but does no damage.
You barely miss Grinder.
Grinder is lightly wounded.
Grinder hits you!
You writhe in agony.
You hit Grinder but do no damage.
Grinder is lightly wounded.
Grinder hits you!
* * * LOW HITPOINT WARNING * * *
You writhe in agony.
* * * LOW HITPOINT WARNING * * *
Grinder barely misses you.
It was a potion of degeneration.
There was something very wrong with that liquid.
You feel weakened.
You feel dopey.
You feel clumsy. Grinder gestures at you. Pain shoots through your body!
Ouch! That really hurt!
You die...

........<##.###..##
.........##.# #..#
......#####.# #.<#
#......####.###.##
#...........##..#
##.....###..#...# #..
#......# #... #....###
... ##.@.########
...##..5.........
.........#######.
........########
#...............
....#...########
#.#.#....#############
#.# ###..............#
#.######.......#


You could see Grinder.

Vanquished Creatures
  A gnoll (D:1)
  An adder (D:2)
  A worm (D:2)
  2 dart slugs (D:1)
  An orc (D:3)
  7 endoplasms
  4 goblins
  2 hobgoblins
  2 quokkas
  6 ball pythons
  7 bats
  6 frilled lizards
  5 kobolds
  4 rats
49 creatures vanquished.

Notes
Turn   | Place    | Note
-------+----------+-------------------------------------------
     0 | D:1      | Gwenloh the Deep Elf Arcane Marksman began the quest for
                  | the Orb.
     0 | D:1      | Reached XP level 1. HP: 11/11 MP: 5/5
    80 | D:1      | Reached skill level 1 in Fighting
   118 | D:1      | Reached XP level 2. HP: 16/16 MP: 6/6
  1048 | D:1      | Reached XP level 3. HP: 20/20 MP: 8/8
  1183 | D:1      | Learned a level 3 spell: Portal Projectile
  1746 | D:2      | Found the +7 Throatcutter {drain, coup de grace}
  2015 | D:3      | Reached XP level 4. HP: 25/25 MP: 9/9
  2149 | D:3      | Noticed Grinder
  2178 | D:3      | Killed from afar by Grinder

Illustrated notes

Levels and vault maps discovered:
D:1:      minmay_arrival_diagonal_passages, layout_basic,
          minmay_misc_feat_tower, minmay_tetromino_l4
D:2:      layout_loops_cross, minmay_tiny_reverse_x
D:3:      layout_rooms, evilmike_ruin_ashenzari, serial_shops, shop_statue,
          basic_ecumenical_altar, uniq_grinder

Skill      XL: |  1  2  3 |
---------------+----------+-----
Fighting       | 1 |  1.5
Ranged Weapons | 3 |  3.6
Spellcasting   | 2 |  2.6
Dodging        | 3 |  3.1
Hexes          | |  4.5
Translocations | |  0.3

Action                   |  1- 3 |  4- 6 || total
-------------------------+-------+-------++-------
Melee: Long sword        |     1 |     3 ||     4
 Fire: Sling             |   138 |     9 ||   147
 Cast: Slow              |     9 |       ||     9
  Use: Potion            |       |     1 ||     1
Armor: Robe              |    11 |     3 ||    14
Dodge: Dodged            |    22 |     4 ||    26
